Zazza, neutral female gnomish Wizard ------ |..|.---- |.......-- -- |........| *| |.---....--- ..| |.| |...@..| ...| |.--|..--..| .... |..|-------- ...- |..| .... --.| .... |.| .. |.| --.. |.| --... |.| |...- |.| ---- |.. |.| |..-----.- |%------........| |.........----..-- - |..-------- |..<..| ---- --..--- ---- Zazza the Evoker Experience level: 1 Strength: 12 Dexterity: 11 Constitution: 12 Intelligence: 19 Wisdom: 11 Charisma: 10 Health: 11(11) Energy: 8(8) Def: 1 Gold: 19 Moves: 226 Dungeon seed: 3yIZ6Uyq1vRS4iMS Game ID: Zazza_1621716134 Your Inventory: Coins $ - 19 gold pieces Weapons a - a blessed +1 quarterstaff (weapon in hands) n - a +0 dwarvish spear Armor e - an uncursed +0 cloak of magic resistance (being worn) q - a cursed -2 pair of fumble boots named cursed Scrolls i - a blessed scroll of create monster j - an uncursed scroll of teleportation k - an uncursed scroll of punishment Spellbooks l - a blessed spellbook of force bolt m - an uncursed spellbook of charm monster Potions f - 2 uncursed potions of restore ability g - an uncursed potion of gain ability h - a blessed potion of object detection o - an uncursed potion of speed p - an uncursed potion of fruit juice Rings c - an uncursed ring of protection from shape changers d - an uncursed ring of free action Wands b - a wand of light (0:12) Tools r - a can of grease (0:8) Spells and supernatural/magical abilities: Name Level Category Fail Memory a - force bolt 1 attack 0% 99% e - charm monster 3 enchantment 37% 99% W - pray for help -- divine ? -- Your skills at the end: Fighting Skills Weapon Skills quarterstaff [Basic] Spellcasting Skills attack spells [Basic] enchantment spells [Basic] Final Attributes: You were stridently aligned. You were magic-protected. You had infravision. You survived. Vanquished creatures: a kitten a giant rat a gnome zombie 4 grid bugs 3 newts 10 creatures vanquished. Voluntary challenges: You went without food. You were an atheist. You used a wielded weapon 1 time, starting on turn 193. You were illiterate. You never genocided any monsters. You never polymorphed an object. You never changed form. You used no wishes. You never split a pudding. You never wrote Elbereth's name. You never violated your personal moral code. Dungeon overview: The Dungeons of Doom: levels 1 to 4 Level 1 a long staircase Level 2 Level 3 Level 4 a fountain stairs to The Gnomish Mines The Gnomish Mines: Level 5 <- You were here stairs to The Dungeons of Doom History has recorded: On T:1 you entered the Dungeons of Doom to retrieve the Amulet of Yendor! On T:95 you reached level 2 of The Dungeons of Doom. On T:169 you reached level 3 of The Dungeons of Doom. On T:171 you reached level 4 of The Dungeons of Doom. On T:174 you reached level 1 of The Gnomish Mines. Score breakdown: Gold: 19 ( 4425 points) Experience: 1 level ( 0 points) Exploration: 5 levels ( 10.20%) ( 8660 points) Discoveries: 0 items ( 0.00%) ( 0 points) Valuables value: (no points given unless you survive) Artifact value: 0 ( 0 points) Variety of kills: 5 monsters ( 1.31%) ( 3436 points) Turncount: 226 turns ( 0 points) Survival: quit (score multiplied by 90%) Total score: 14868 Latest messages: You displace Armand. You hear some noises. The grid bug is killed! You stop. Armand is in the way! The grid bug is killed! (3x) You displace Armand. You hear some noises. f - an uncursed potion of restore ability. Suddenly, Armand disappears out of sight. A trap door opens up under you! Armand bites the giant rat. The giant rat misses Armand. Armand bites the giant rat. The giant rat is killed! You displace Armand. You hear some noises in the distance. Armand misses the hobbit. The hobbit wields a runed dagger! Armand misses the hobbit. (2x) You have a sad feeling for a moment, then it passes. You destroy the gnome zombie! You see here a gnome corpse. (2x) You see here a can of grease. r - a can of grease. Final status: Goodbye Zazza the Wizard, quit... You quit in The Gnomish Mines on dungeon level 5 with 14868 points, and 19 pieces of gold, after 226 moves. You were level 1 with a maximum of 11 hit points when you quit.